 Dungeon Sprint DCSS version 0.29-a0-356-g7bc237e783 (webtiles) character file.

Game seed: 12593206112566789185

24900000 Zeldest the Formicid Barricade (level 27, -20/237 (249) HPs)
             Began as a Formicid Fighter on Apr 25, 2022.
             Was the Champion of Makhleb.
             Demolished by a vile
             ... wielding a +0 morningstar
              (92 damage)
             ... in the Dungeon (Sprint VIII: "Arena of Blood").
             The game lasted 00:06:06 (249 turns).

Zeldest the Formicid Barricade (Formicid Fighter)    Turns: 249, Time: 00:06:07

HP:   -20/237 (249) AC: 13    Str: 28    XL:     27
MP:   54/54         EV: 27    Int:  7    God:    Makhleb [******]
Gold: 0             SH:  0    Dex: 18    Spells: 80/80 levels left

rFire   . . .      SeeInvis +   h - +∞ Axe of Woe
rCold   . . .      Faith    .   c - +0 buckler
rNeg    . . .      Spirit   .   b - +0 scale mail
rPois   .          Reflect  .   (helmet unavailable)
rElec   .          Harm     .   (no cloak)
rCorr   .          Rampage  .   (no gloves)
Will    ++...                   (no boots)
Stlth   ++........              (no amulet)
HPRegen 0.49/turn               (no ring)
MPRegen 0.34/turn               (no ring)

@: confused, lightly drained
A: permanent stasis, dig shafts and tunnels, antennae 3, four strong arms
a: Dig, Renounce Religion, Minor Destruction, Lesser Servant of Makhleb, Major
Destruction, Greater Servant of Makhleb


You were in the Dungeon.
You worshipped Makhleb.
Makhleb was exalted by your worship.
You visited 1 branch

Inventory:

Hand Weapons
 a - a +0 war axe
 h - the +∞ Axe of Woe (weapon)
   (You found it in the Dungeon)
Armour
 b - a +0 scale mail (worn)
 c - a +0 buckler (worn)
Jewellery
 i - a +30 ring of slaying
 j - a +200 ring of slaying
 k - a +30 ring of slaying
 l - a +200 ring of slaying
Potions
 d - a potion of might
 f - a potion of heal wounds
 g - 2 potions of magic


   Skills:
 O Level 27 Fighting
 O Level 27 Short Blades
 O Level 27 Long Blades
 O Level 27 Axes
 O Level 27 Maces & Flails
 O Level 27 Polearms
 O Level 27 Staves
 O Level 27 Slings
 O Level 27 Bows
 O Level 27 Crossbows
 O Level 27 Throwing
 O Level 27 Armour
 O Level 27 Dodging
 O Level 27 Stealth
 O Level 27 Shields
 O Level 27 Unarmed Combat
 O Level 27 Spellcasting
 O Level 27 Conjurations
 O Level 27 Hexes
 O Level 27 Summonings
 O Level 27 Necromancy
 O Level 27 Translocations
 O Level 27 Transmutations
 O Level 27 Fire Magic
 O Level 27 Ice Magic
 O Level 27 Air Magic
 O Level 27 Earth Magic
 O Level 27 Poison Magic
 O Level 27 Invocations
 O Level 27 Evocations


You had 80 spell levels left.
You didn't know any spells.
Your spell library was empty.

Dungeon Overview and Level Annotations

Branches:
Dungeon (1/1)

Altars:
Makhleb


Innate Abilities, Weirdness & Mutations

You cannot be hasted, slowed, berserked, paralysed or teleported.
You can dig through walls and to a lower floor.
You have a pair of large antennae on your head. (SInv)
Your four strong arms can wield two-handed weapons with a shield.


Message History

Some rock shatters into small pieces.
You hear a grinding noise.
You hear a shout! x5
A vile comes into view. It is wielding a +0 morningstar.
The vile throws miasma at you. The foul vapour engulfs you!!!
You are poisoned.
You hear a shout! x2
A vile comes into view. It is wielding a +0 flail.
You extend your mandibles.
You dig through the rock wall.
You feel drained.
You feel very sick.
You hear a shout! x4; You hear a grinding noise. x2; You hear a shout! x3
The vile moves out of view.
You retract your mandibles.
You feel very sick. The vile throws damnation at you.
The sphere of damnation explodes!
The damnation engulfs you!!
You hear a shout!
An observer comes into view.
You hear a shout! x6
An observer comes into view.
You hear a shout! x6
The vile throws miasma at you. The foul vapour engulfs you!!!
You are more poisoned.
You hear a shout!
The observer moves out of view.
You extend your mandibles.
You dig through the rock wall.
You feel drained.
You feel extremely sick.
You hear a shout! x4; You hear a grinding noise.
You hear a shout! x10
A vile comes into view. It is wielding a +0 flail.
You feel better.
You are confused.
You hear a shout! x4
You barely resist.
You hear a shout! x2
The vile hits you with a +0 morningstar.
You are engulfed in flames!!!!
You die...

#.......##.#9.......
##G.................
o..{####....#..{..
#...{........{....
###......W.......
####)......=...
.###)○☼#########
#9...).9.# #..°@°#
#.#.###°# ###.# #°#
#.# #°# #.# #°# ###
##


You could see 2 viles.

Vanquished Creatures
  7 hell knights (D)
  A hell beast (D)
  5 royal mummies (D)
  4 great orbs of eyes (D)
  4 wraiths (D)
  4 vampire knights (D)
  17 ogres (D)
  2 two-headed ogres (D)
  A lich (D)
  6 hydras (D)
  5 phantoms (D)
  39 orcs (D)
  2 skeletal warriors (D)
  7 sea snakes (D)
104 creatures vanquished.

Notes
Turn   | Place    | Note
-------+----------+-------------------------------------------
     0 | D        | Found the +∞ Axe of Woe
     0 | D        | Zeldest the Formicid Fighter began the quest for the Orb.
     0 | D        | Reached XP level 1. HP: 18/18 MP: 1/1
     1 | D        | Noticed a bag of meat
     2 | D        | Noticed a meat berserker
     3 | D        | Became a worshipper of Makhleb the Destroyer
     4 | D        | Noticed a bag of meat
     5 | D        | Killed a meat berserker
     5 | D        | Killed a bag of meat
     5 | D        | Reached * piety under Makhleb
     5 | D        | Noticed a bag of meat
     5 | D        | Noticed a bag of meat
     5 | D        | Noticed a bag of meat
     5 | D        | Noticed a bag of meat
     6 | D        | Reached XP level 2. HP: 46/48 MP: 2/2
     6 | D        | Reached XP level 3. HP: 51/54 MP: 3/3
     6 | D        | Reached XP level 4. HP: 59/62 MP: 4/4
     6 | D        | Reached XP level 5. HP: 65/68 MP: 5/5
     6 | D        | Reached XP level 6. HP: 72/75 MP: 6/6
     6 | D        | Reached XP level 7. HP: 78/82 MP: 7/7
     6 | D        | Reached XP level 8. HP: 85/89 MP: 8/8
     6 | D        | Reached XP level 9. HP: 91/95 MP: 9/9
     6 | D        | Reached XP level 10. HP: 98/102 MP: 10/10
     6 | D        | Reached XP level 11. HP: 104/109 MP: 11/11
     6 | D        | Reached XP level 12. HP: 111/116 MP: 12/12
     6 | D        | Reached XP level 13. HP: 117/122 MP: 13/13
     6 | D        | Noticed a meat berserker
     6 | D        | Noticed a bag of meat
     6 | D        | Noticed a bag of meat
     7 | D        | Noticed a bag of meat
     7 | D        | Noticed a bag of meat
     7 | D        | Noticed a bag of meat
     7 | D        | Noticed a bag of meat
     7 | D        | Noticed a meat berserker
     7 | D        | Noticed a bag of meat
     8 | D        | Killed a bag of meat
     8 | D        | Noticed a bag of meat
     8 | D        | Noticed a meat berserker
     9 | D        | Noticed a bag of meat
     9 | D        | Noticed a bag of meat
     9 | D        | Noticed a bag of meat
     9 | D        | Noticed a bag of meat
    10 | D        | Killed a bag of meat
    11 | D        | Reached XP level 14. HP: 62/135 MP: 14/14
    11 | D        | Noticed a large bag of meat
    11 | D        | Killed a meat berserker
    11 | D        | Reached ** piety under Makhleb
    11 | D        | Killed a bag of meat
    11 | D        | Noticed a bag of meat
    11 | D        | Noticed a bag of meat
    11 | D        | Noticed a bag of meat
    11 | D        | Noticed a meat berserker
    12 | D        | Reached XP level 15. HP: 57/147 MP: 15/15
    12 | D        | Killed a meat berserker
    12 | D        | Reached *** piety under Makhleb
    13 | D        | Reached skill level 10 in Dodging
    13 | D        | Reached XP level 16. HP: 161/161 MP: 16/16
    13 | D        | Noticed a meat berserker
    14 | D        | Reached **** piety under Makhleb
    14 | D        | Reached ***** piety under Makhleb
    14 | D        | Noticed a large bag of meat
    15 | D        | Reached skill level 27 in Shields
    15 | D        | Reached XP level 17. HP: 173/173 MP: 17/17
    16 | D        | Reached skill level 27 in Fighting
    16 | D        | Reached skill level 27 in Axes
    16 | D        | Reached skill level 27 in Armour
    17 | D        | Killed a meat berserker
    17 | D        | Killed a meat berserker
    17 | D        | Reached ****** piety under Makhleb
    18 | D        | Reached skill level 27 in Dodging
    18 | D        | Reached skill level 1 in Bows
    18 | D        | Reached skill level 1 in Conjurations
    18 | D        | Reached skill level 1 in Air Magic
    18 | D        | Reached XP level 18. HP: 158/182 MP: 17/21
    19 | D        | Noticed a destroyer
    21 | D        | Killed a large bag of meat
    21 | D        | Killed a destroyer
    21 | D        | Noticed a destroyer
    22 | D        | Reached skill level 5 in Short Blades
    22 | D        | Reached skill level 5 in Maces & Flails
    22 | D        | Reached skill level 5 in Polearms
    22 | D        | Reached skill level 5 in Staves
    22 | D        | Reached skill level 5 in Crossbows
    22 | D        | Reached skill level 5 in Spellcasting
    22 | D        | Reached skill level 5 in Conjurations
    22 | D        | Reached skill level 5 in Summonings
    22 | D        | Reached skill level 5 in Necromancy
    22 | D        | Reached skill level 5 in Translocations
    22 | D        | Reached skill level 5 in Fire Magic
    22 | D        | Reached skill level 10 in Invocations
    22 | D        | Reached XP level 19. HP: 90/189 MP: 17/27
    22 | D        | Killed a large bag of meat
    22 | D        | Killed a meat berserker
    22 | D        | Noticed a destroyer
    23 | D        | Reached skill level 10 in Stealth
    23 | D        | Reached skill level 10 in Poison Magic
    23 | D        | Reached XP level 20. HP: 158/197 MP: 17/31
    24 | D        | Noticed a destroyer
    25 | D        | Reached skill level 10 in Slings
    25 | D        | Reached skill level 10 in Hexes
    25 | D        | Reached skill level 10 in Transmutations
    25 | D        | Reached XP level 21. HP: 204/204 MP: 18/34
    26 | D        | Noticed a destroyer
    35 | D        | Killed a destroyer
    36 | D        | Reached skill level 10 in Unarmed Combat
    36 | D        | Reached skill level 10 in Evocations
    39 | D        | Reached skill level 10 in Long Blades
    39 | D        | Reached skill level 10 in Maces & Flails
    39 | D        | Reached skill level 10 in Fire Magic
    39 | D        | Reached skill level 10 in Ice Magic
    41 | D        | Killed a destroyer
    42 | D        | Reached skill level 10 in Short Blades
    42 | D        | Reached skill level 10 in Polearms
    42 | D        | Reached skill level 10 in Staves
    42 | D        | Reached skill level 10 in Crossbows
    42 | D        | Reached skill level 10 in Throwing
    42 | D        | Reached skill level 10 in Spellcasting
    42 | D        | Reached skill level 10 in Summonings
    42 | D        | Reached skill level 10 in Necromancy
    45 | D        | Reached skill level 10 in Translocations
    45 | D        | Reached XP level 22. HP: 131/212 MP: 22/36
    50 | D        | Killed a destroyer
    51 | D        | Reached skill level 10 in Conjurations
    57 | D        | Reached skill level 15 in Poison Magic
    57 | D        | Noticed a meat berserker
    57 | D        | Noticed an accursed
    62 | D        | Killed a meat berserker
    63 | D        | Reached skill level 10 in Bows
    63 | D        | Reached skill level 15 in Stealth
    63 | D        | Reached skill level 10 in Air Magic
    67 | D        | Noticed a dread
    67 | D        | Noticed a meat berserker
    67 | D        | Noticed a dread
    80 | D        | Killed an accursed
    81 | D        | Reached skill level 15 in Hexes
    81 | D        | Reached skill level 15 in Earth Magic
    81 | D        | Reached XP level 23. HP: 111/219 MP: 31/39
    90 | D        | Killed a dread
    91 | D        | Reached skill level 15 in Slings
    91 | D        | Reached skill level 15 in Transmutations
    91 | D        | Reached skill level 15 in Evocations
    91 | D        | Reached XP level 24. HP: 186/227 MP: 33/41
    96 | D        | Noticed a dread
    97 | D        | Killed a dread
    98 | D        | Reached skill level 15 in Short Blades
    98 | D        | Reached skill level 15 in Long Blades
    98 | D        | Reached skill level 15 in Maces & Flails
    98 | D        | Reached skill level 15 in Polearms
    98 | D        | Reached skill level 15 in Staves
    98 | D        | Reached skill level 15 in Crossbows
    98 | D        | Reached skill level 15 in Throwing
    98 | D        | Reached skill level 15 in Unarmed Combat
    98 | D        | Reached skill level 15 in Spellcasting
    98 | D        | Reached skill level 15 in Summonings
    98 | D        | Reached skill level 15 in Necromancy
    98 | D        | Reached skill level 15 in Fire Magic
    98 | D        | Reached skill level 15 in Ice Magic
    98 | D        | Killed a dread
    99 | D        | Reached XP level 25. HP: 234/234 MP: 35/42
   101 | D        | Noticed an accursed
   102 | D        | Killed an accursed
   103 | D        | Reached skill level 15 in Conjurations
   103 | D        | Reached skill level 15 in Translocations
   103 | D        | Reached skill level 27 in Invocations
   110 | D        | Reached XP level 26. HP: 131/242 MP: 38/44
   110 | D        | Noticed a meat beast
   111 | D        | Killed a meat beast
   112 | D        | Reached skill level 15 in Bows
   112 | D        | Reached skill level 15 in Air Magic
   124 | D        | Noticed a fleshlord
   142 | D        | Reached XP level 27. HP: 234/249 MP: 45/45
   142 | D        | Noticed a fleshlord
   143 | D        | Killed a fleshlord
   149 | D        | Killed a fleshlord
   150 | D        | Reached skill level 27 in Stealth
   150 | D        | Reached skill level 27 in Poison Magic
   150 | D        | Noticed a fleshlord
   151 | D        | Killed a fleshlord
   152 | D        | Reached skill level 27 in Slings
   152 | D        | Reached skill level 27 in Hexes
   152 | D        | Reached skill level 27 in Transmutations
   152 | D        | Reached skill level 27 in Earth Magic
   152 | D        | Reached skill level 27 in Evocations
   152 | D        | Noticed an accursed
   153 | D        | Killed an accursed
   159 | D        | Noticed a tyrant
   160 | D        | Killed a tyrant
   170 | D        | Noticed a fleshlord
   171 | D        | Killed a fleshlord
   172 | D        | Reached skill level 27 in Short Blades
   172 | D        | Reached skill level 27 in Long Blades
   172 | D        | Reached skill level 27 in Maces & Flails
   172 | D        | Reached skill level 27 in Polearms
   172 | D        | Reached skill level 27 in Staves
   172 | D        | Reached skill level 27 in Bows
   172 | D        | Reached skill level 27 in Crossbows
   172 | D        | Reached skill level 27 in Throwing
   172 | D        | Reached skill level 27 in Unarmed Combat
   172 | D        | Reached skill level 27 in Spellcasting
   172 | D        | Reached skill level 27 in Conjurations
   172 | D        | Reached skill level 27 in Summonings
   172 | D        | Reached skill level 27 in Necromancy
   172 | D        | Reached skill level 27 in Translocations
   172 | D        | Reached skill level 27 in Fire Magic
   172 | D        | Reached skill level 27 in Ice Magic
   172 | D        | Reached skill level 27 in Air Magic
   175 | D        | Noticed an accursed
   176 | D        | Killed an accursed
   187 | D        | Noticed a fleshlord
   188 | D        | Killed a fleshlord
   197 | D        | Noticed a fleshlord
   205 | D        | Killed a fleshlord
   207 | D        | Noticed an accursed
   208 | D        | Killed an accursed
   233 | D        | Noticed a fleshlord
   234 | D        | Killed a fleshlord
   236 | D        | Noticed a dread
   244 | D        | Killed a dread
   246 | D        | Noticed a vile
   246 | D        | Noticed a vile
   249 | D        | Noticed a vile
   249 | D        | Demolished by a vile

Illustrated notes

Levels and vault maps discovered:
D:        meatsprint

Skill      XL: |  1  2  3  4  5  6  7  8  9 10 11 12 13 14 15 16 17 18 19 20 21 22 23 24 25 26 27 |
---------------+----------------------------------------------------------------------------------+-----
Fighting       | 18 20 22 24 26 27 | 27.0
Axes           | 16 18 20 22 24 27 | 27.0
Armour         | 18 20 22 24 26 27 | 27.0
Shields        | 19 21 24 26 27 | 27.0
Dodging        | 10 13 27 | 27.0
Short Blades   | 2 5 7 9 10 12 14 15 17 18 27 | 27.0
Long Blades    | 2 6 7 9 10 12 14 15 17 18 27 | 27.0
Maces & Flails | 2 5 7 9 10 12 14 15 17 18 27 | 27.0
Polearms       | 2 5 7 9 10 12 14 15 17 18 27 | 27.0
Staves         | 2 5 7 9 10 12 14 15 17 18 27 | 27.0
Slings         | 2 6 8 10 11 13 15 17 18 20 27 | 27.0
Bows           | 1 4 6 7 8 10 12 13 14 16 27 | 27.0
Crossbows      | 2 5 7 9 10 12 14 15 17 18 27 | 27.0
Throwing       | 2 6 7 9 10 12 14 15 17 19 27 | 27.0
Stealth        | 3 7 10 11 13 16 17 19 21 23 27 | 27.0
Unarmed Combat | 2 6 8 9 11 13 14 15 17 19 27 | 27.0
Spellcasting   | 2 5 7 9 10 12 14 15 17 18 27 | 27.0
Conjurations   | 1 5 7 8 9 11 13 14 15 17 27 | 27.0
Hexes          | 2 6 9 10 12 15 16 18 20 22 27 | 27.0
Summonings     | 2 5 7 9 10 12 14 15 17 18 27 | 27.0
Necromancy     | 2 5 7 8 10 12 14 15 17 18 27 | 27.0
Translocations | 2 5 7 8 10 11 13 14 16 17 27 | 27.0
Transmutations | 2 6 8 10 11 13 15 17 18 20 27 | 27.0
Fire Magic     | 2 5 7 9 10 12 14 15 17 18 27 | 27.0
Ice Magic      | 2 6 7 9 10 12 14 15 17 18 27 | 27.0
Air Magic      | 1 4 6 7 9 10 12 13 14 16 27 | 27.0
Earth Magic    | 2 7 9 11 12 15 16 18 20 22 27 | 27.0
Poison Magic   | 3 7 10 11 13 16 18 20 21 23 27 | 27.0
Invocations    | 4 10 14 16 18 21 24 26 27 | 27.0
Evocations     | 2 6 8 9 11 13 15 17 18 20 27 | 27.0

Action                   |  1- 3 |  4- 6 |  7- 9 | 10-12 | 13-15 | 16-18 | 19-21 | 22-24 | 25-27 || total
-------------------------+-------+-------+-------+-------+-------+-------+-------+-------+-------++-------
Melee: Executioner's axe |     1 |       |       |       |     4 |     4 |     6 |    13 |    52 ||    80
 Abil: Dig               |     1 |       |       |       |       |       |     1 |       |     2 ||     4
  Use: Potion            |       |       |       |       |       |       |       |       |     1 ||     1
 Stab: Distracted        |       |       |       |       |       |       |     1 |       |     2 ||     3
Armor: Scale mail        |       |       |       |       |       |       |     1 |       |     1 ||     2
Dodge: Dodged            |       |       |       |       |       |     1 |       |     1 |     3 ||     5
Block: Buckler           |       |       |       |       |       |     1 |       |       |     2 ||     3

Table legend: (Time is in decaauts)
 A = Elapsed time spent in this place.
 B = Non-inter-level travel time spent in this place.
 C = Inter-level travel time spent in this place.
 D = Time resting spent in this place.
 E = Time spent auto-exploring this place.
 F = Levels seen in this place.
 G = Mean time per level.
                   A        B        C        D        E       F      G
               +--------+--------+--------+--------+--------+-----+--------+
         Total |    226 |    226 |      0 |     11 |      0 |   1 |  226.0 |
       Dungeon |    226 |    226 |      0 |     11 |      0 |   1 |  226.0 |
               +--------+--------+--------+--------+--------+-----+--------+

Top non-repeatable levels by time:
       D: 226 daAuts
